 Dungeon Crawl Stone Soup version 0.31-a0-750-gfe7b580527 (webtiles) character file.

Game seed: 14273379638908012709

1729 Aneyh the Fighter (level 9, -11/56 HPs)
             Began as a Tengu Monk on Sept 14, 2023.
             Was a Believer of Hepliaklqana.
             Killed from afar by Maggie (20 damage)
             ... with a bolt of fire
             ... on level 6 of the Dungeon.
             The game lasted 00:09:28 (4455 turns).

Aneyh the Fighter (Tengu Monk)                      Turns: 4455, Time: 00:09:28

Health: -11/56     AC:  3    Str: 16    XL:     9   Next: 5%
Magic:  19/19      EV: 17    Int: 18    God:    Hepliaklqana [**....]
Gold:   139        SH:  0    Dex: 16    Spells: 8/8 levels left

rFire   . . .        a - +0 spear
rCold   + . .        (no shield)
rNeg    . . .        x - +1 robe of Beul {rC+ Int+7}
rPois   .            (helmet restricted)
rElec   .            (no cloak)
rCorr   .            (no gloves)
SInv    .            (boots unavailable)
Will    .....        (no amulet)
Stlth   +            s - ring of flight
HPRegen 0.29/turn    z - ring of magical power
MPRegen 0.16/turn

%: acrobat
@: flying, mesmerised, invisible
A: reduced essence, beak, talons 3, evasive flight, acrobatic
a: Renounce Religion, Recall Ancestor, Ancestor Identity


You were on level 6 of the Dungeon.
You worshipped Hepliaklqana.
Hepliaklqana was pleased with you.
You visited 2 branches of the dungeon, and saw 7 of its levels.

You collected 139 gold pieces.

Inventory:

Hand Weapons
 a - a +0 spear (weapon)
 b - a +1 longbow
 j - a +1 dagger of electrocution
 l - a +0 war axe
 q - a +1 dagger of protection
 v - a +0 morningstar
Missiles
 A - 8 javelins
Armour
 d - an orb of light
 x - the +1 robe of Beul (worn) {rC+ Int+7}
   (You found it on level 3 of the Dungeon)

   Int+7:     It affects your intelligence (+7).
   rC+:       It protects you from cold.
 D - a +1 leather armour of poison resistance
Jewellery
 s - a ring of flight (left hand)
 z - a ring of magical power (right hand)
Wands
 y - a wand of flame (15)
Scrolls
 e - a scroll of fear {unknown}
 f - a scroll of revelation {unknown}
 h - a scroll of immolation
 i - a scroll of fog
 m - a scroll of identify
 n - a scroll of vulnerability
 t - a scroll of noise {unknown}
 E - a scroll of summoning {unknown}
Potions
 g - a potion of invisibility
 k - a potion of lignification {unknown}
 o - 3 potions of heal wounds {unknown}
 p - a potion of magic {unknown}
 r - a potion of degeneration {unknown}
 u - a potion of curing {unknown}
 w - a potion of enlightenment {unknown}
 C - a potion of brilliance {unknown}
 F - 2 potions of haste {unknown}


   Skills:
 + Level 10.3 Fighting
 - Level 6.0 Polearms
 - Level 2.0 Ranged Weapons
 - Level 4.0 Dodging


You had 8 spell levels left.
You didn't know any spells.
Your spell library was empty.

Dungeon Overview and Level Annotations

Branches:
Dungeon (6/15)             Temple (1/1) D:4

Altars:
Cheibriados
Dithmenos
Elyvilon
Fedhas
Gozag
Hepliaklqana
Kikubaaqudgha
Makhleb
Nemelex Xobeh
Okawaru
Ru
Sif Muna
Trog
Vehumet
Wu Jian
Xom
Zin
The Shining One

Shops:
D:3 [

Annotations:
D:3 3 runed translucent doors, Aneyh's ghost, amateur TeMo; Pooter's ghost, amateur MiGl
D:6 Maggie


Innate Abilities, Weirdness & Mutations

Your life essence is reduced to manifest your ancestor. (-10% HP)
You have a beak for a mouth.
You have claws for feet.
Your magical flight helps you evade attacks. (EV +4)
You can magically evade attacks while moving or waiting.


Message History

Maggie casts a spell.
Maggie draws you further into her thrall.
You hit Maggie but do no damage. You peck Maggie.
Maggie is moderately wounded.
Maggie closely misses you.
Appia hits Maggie but does no damage.
You hit Maggie but do no damage. Your kick misses Maggie.
Maggie is moderately wounded.
Maggie hits you with a +1 long sword of flaming!
Maggie burns you.
You barely miss Maggie. You peck Maggie.
Maggie is moderately wounded.
Appia hits Maggie with a +0 flail.
Maggie mumbles some strange words.
Maggie draws you further into her thrall.
You hit Maggie but do no damage. You claw Maggie.
You peck Maggie, but do no damage.
Maggie is heavily wounded.
You hit Maggie but do no damage. You peck Maggie.
Maggie is heavily wounded.
Maggie points at you and mumbles some strange words.
The bolt of fire misses you.
Appia hits Maggie with a +0 flail.
You hit Maggie but do no damage. Your kick misses Maggie.
You peck Maggie, but do no damage.
Maggie is heavily wounded.
Maggie gives herself a magical halo, but it quickly sputters out.
Maggie hits you with a +1 long sword of flaming!
Maggie burns you.
* * * LOW HITPOINT WARNING * * *
You fade into invisibility!
Appia closely misses Maggie.
Maggie hits you with a +1 long sword of flaming.
* * * LOW HITPOINT WARNING * * *
Maggie burns you.
* * * LOW HITPOINT WARNING * * *
You hit Maggie but do no damage. You claw Maggie, but do no damage.
You peck Maggie, but do no damage.
Maggie is heavily wounded.
Maggie points at you and mumbles some strange words.
The bolt of fire hits you!!
You die...

##### #.##.#.# #...###
#.##.#.#
#.#...########.##†#.#
#..R#........>....#.#
##.#########...##.#.#######
#.# #.####.#........# ###.#
#.####.#.####.#. #...#
#####.##............ #.###
#......@R#.#####.#..# #.#
#.###.##@#.......#..#
##.### #.#...##.#.#...#.#..
.....# #.#.####.#.#._.#.#..
)....#####.#.#
#.#.#...#.#.#
)).........#.#
#.#.......#.#
.....#######.#
#.#.#####.#.# ...<.# #.#
#...........# ##.### #.#
##.###.######


You could see the friendly Appia the knight and Maggie (mesmerising, unable to
see you, ally target).

Vanquished Creatures
  A water moccasin (D:5)
  A black bear (D:5)
  An ogre (D:4)
  3 phantoms
  2 scorpions (D:6)
  The ghost of cforsyth the Sneak, a weakling DjDe (D:4)
  3 hounds
  An orc priest (D:3)
  3 jellies
  4 orc wizards
  3 iguanas
  5 adders
  4 gnolls
  A white imp (D:5)
  3 dart slugs
  10 orcs
  8 ball pythons
  9 endoplasms
  3 giant cockroaches
  7 goblins
  10 hobgoblins
  6 jackals
  5 quokkas
  7 bats
  6 frilled lizards
  12 kobolds
  7 rats
126 creatures vanquished.

Vanquished Creatures (collateral kills)
  Menkaure (D:5)
  A sky beast (D:6)
  A kobold brigand (D:6)
  2 scorpions (D:5)
  An orc priest (D:5)
  An orc wizard (D:5)
  A gnoll (D:4)
  An adder (D:4)
  A worm (D:4)
  A goblin (D:4)
  A hobgoblin (D:4)
  2 jackals (D:5)
  2 kobolds (D:6)
16 creatures vanquished.

Grand Total: 142 creatures vanquished

Notes
Turn   | Place    | Note
-------+----------+-------------------------------------------
     0 | D:1      | Aneyh the Tengu Monk began the quest for the Orb.
     0 | D:1      | Reached XP level 1. HP: 14/14 MP: 2/2
    87 | D:1      | Reached XP level 2. HP: 19/19 MP: 3/3
   154 | D:1      | Reached XP level 3. HP: 23/23 MP: 4/4
   327 | D:1      | Reached skill level 1 in Ranged Weapons
   497 | D:1      | Reached XP level 4. HP: 28/28 MP: 5/5
   547 | D:2      | Found a faded altar of an unknown god.
   594 | D:2      | Found a sacrificial altar of Ru.
  1014 | D:3      | Reached XP level 5. HP: 32/32 MP: 6/6
  1205 | D:2      | Reached skill level 5 in Polearms
  1516 | D:3      | Identified the +1 robe of Beul {rC+ Int+7}
  1631 | D:3      | Found Uptihemm's Antique Armour Shoppe.
  1700 | D:3      | Reached XP level 6. HP: 34/38 MP: 7/7
  1705 | D:3      | Reached skill level 4 in Fighting
  1781 | D:3      | Found an iron altar of Okawaru.
  1969 | D:3      | Found a blossoming altar of Fedhas.
  2021 | D:3      | Found a runed translucent gate.
  2022 | D:3      | Found a runed translucent gate.
  2023 | D:3      | Found a runed translucent gate.
  2048 | D:3      | Noticed Aneyh's ghost (amateur TeMo)
  2048 | D:3      | Noticed Pooter's ghost (amateur MiGl)
  2055 | D:4      | Found a staircase to the Ecumenical Temple.
  2062 | Temple   | Entered the Ecumenical Temple
  2068 | Temple   | Became a worshipper of Hepliaklqana the Forgotten
  2068 | Temple   | Reached * piety under Hepliaklqana
  2068 | Temple   | Reached ** piety under Hepliaklqana
  2069 | Temple   | Remembered your ancestor Appia as a knight
  2134 | D:4      | Found a glowing silver altar of Zin.
  2271 | D:4      | Reached skill level 5 in Fighting
  2417 | D:4      | Gained mutation: Your magical flight helps you evade
                  | attacks. (EV +4) [Tengu growth]
  2417 | D:4      | Reached XP level 7. HP: 40/40 MP: 8/8
  2502 | D:4      | Found a runed translucent door.
  2508 | D:4      | Reached skill level 6 in Fighting
  2508 | D:4      | Noticed cforsyth's ghost (weakling DjDe)
  2840 | D:4      | Killed cforsyth's ghost
  3138 | D:5      | Entered Level 5 of the Dungeon
  3143 | D:5      | Reached skill level 7 in Fighting
  3167 | D:5      | Reached XP level 8. HP: 47/47 MP: 9/9
  3414 | D:5      | Reached skill level 8 in Fighting
  3744 | D:5      | Found a snail-covered altar of Cheibriados.
  3797 | D:5      | Noticed Menkaure
  3800 | D:5      | Killed Menkaure
  3867 | D:5      | Reached skill level 9 in Fighting
  4227 | D:6      | Found a bloodstained altar of Trog.
  4301 | D:6      | Found an ancient bone altar of Kikubaaqudgha.
  4324 | D:6      | Reached skill level 10 in Fighting
  4327 | D:6      | Reached XP level 9. HP: 55/55 MP: 10/10
  4433 | D:6      | Noticed Maggie
  4455 | D:6      | Killed from afar by Maggie

Illustrated notes

Levels and vault maps discovered:
D:1:      dpeg_arrival_simpleton_c, layout_rooms, serial_bayou_crossing
D:2:      layout_basic, basic_altar, ebering_ecumenical_altar_sacrificial
D:3:      layout_loops_ring, mainiacjoe_overflow_swirl, serial_shops, shop,
          gammafunk_ghost_cemetery, st_stairs_10
D:4:      layout_loops_ring, mainiacjoe_overflow_small_starburst,
          minmay_temple_entry_statues_fountains, hellmonk_ghost_happy_afterlife,
          minmay_misc_feat_room
D:5:      layout_loops_corners, kennysheep_slug_shrine, uniq_menkaure
D:6:      kb_forest_paths, layout_loops_ring, mainiacjoe_overflow_cross_hatched,
          kennysheep_mini_moat, minmay_between, uniq_maggie, uniq_pikel
Temple:   nicolae_temple_no_exploring_needed

Skill      XL: |  1  2  3  4  5  6  7  8 |
---------------+-------------------------+-----
Ranged Weapons | 1 2 |  2.0
Polearms       | 4 5 6 |  6.0
Dodging        | 4 |  4.0
Fighting       | 5 7 10 | 10.3

Action                     |  1- 3 |  4- 6 |  7- 9 || total
---------------------------+-------+-------+-------++-------
  Melee: Spear             |    32 |    47 |    23 ||   102
         Kick              |     6 |    15 |     9 ||    30
         Peck              |     5 |    10 |    10 ||    25
         Longbow           |       |       |     1 ||     1
   Fire: Longbow           |    50 |   119 |    99 ||   268
 Invoke: Ancestor Life: Kn |       |     1 |       ||     1
         Recall Ancestor   |       |       |     1 ||     1
    Use: Scroll            |       |       |     9 ||     9
         Potion            |       |       |     2 ||     2
 Armour: Robe              |     9 |    26 |    27 ||    62
  Dodge: Dodged            |    28 |    40 |    35 ||   103

Table legend: (Time is in decaauts)
 A = Elapsed time spent in this place.
 B = Non-inter-level travel time spent in this place.
 C = Inter-level travel time spent in this place.
 D = Time resting spent in this place.
 E = Time spent auto-exploring this place.
 F = Levels seen in this place.
 G = Mean time per level.
                   A        B        C        D        E       F      G
               +--------+--------+--------+--------+--------+-----+--------+
         Total |   4598 |   4461 |    137 |    575 |   2943 |   7 |  656.9 |
       Dungeon |   4585 |   4448 |    137 |    575 |   2943 |   6 |  764.2 |
        Temple |     13 |     13 |      0 |      0 |      0 |   1 |   13.0 |
               +--------+--------+--------+--------+--------+-----+--------+

Top non-repeatable levels by time:
     D:4: 1089 daAuts
     D:5: 1060 daAuts
     D:3: 929 daAuts
     D:2: 662 daAuts
     D:1: 542 daAuts
     D:6: 300 daAuts
  Temple: 13 daAuts
